 Dungeon Crawl Stone Soup version 0.17.0-9-g801d43b (webtiles) character file.

180 Iffee the Sneak (level 5, 0/44 HPs)
             Began as a Naga Enchanter on Nov 9, 2015.
             Slain by Pikel
             ... wielding a +0 whip of flaming
              (1 damage)
             ... on level 4 of the Dungeon.
             The game lasted 00:39:29 (3575 turns).

Iffee the Sneak (Naga Enchanter)                    Turns: 3575, Time: 00:39:30

Health: 0/44       AC: 10    Str: 10      XL:     5   Next: 60%
Magic:  7/8        EV: 16    Int: 16      God:
Gold:   163        SH:  0    Dex: 15 (17) Spells: 2 memorised, 6 levels left

rFire  + . .     SeeInvis +     n - +2 short sword (protect)
rCold  . . .     Clarity  .     b - +1 robe
rNeg   . . .     SustAt   .     (no shield)
rPois  +         Gourm    .     p - +0 helmet
rElec  .         Spirit   .     (no cloak)
rCorr  .         Warding  .     e - +0 pair of gloves
rMut   .         Stasis   .     (no barding)
MR     .....                    (no amulet)
Stlth  ++++......               k - ring of see invisible
                                j - ring of protection from fire

@: agile, very slow, not resistant to hostile enchantments, stealthy
A: see invisible, deformed body, poison resistance, slowness 2, slow metabolism
1, spit poison 2, AC +1
a: Spit Poison


You were on level 4 of the Dungeon.
You were full.

You visited 1 branch of the dungeon, and saw 4 of its levels.

You collected 163 gold pieces.

Inventory:

Hand Weapons
 a - a +1 dagger
 n - a +2 short sword of protection (weapon)
 r - a +0 hunting sling
Missiles
 o - 23 poisoned needles
 q - 17 sling bullets (quivered)
Armour
 b - a +1 robe (worn)
 e - a +0 pair of gloves (worn)
 p - a +0 helmet (worn)
Jewellery
 j - a ring of protection from fire (left hand)
 k - a ring of see invisible (right hand)
Scrolls
 d - a scroll of remove curse
 f - a scroll of identify
 i - 2 scrolls of magic mapping {unknown}
 l - a scroll of recharging {unknown}
 s - a scroll of blinking {unknown}
Potions
 v - a potion of brilliance
Books
 c - a book of Maledictions

   Spells                             Type                      Level
   a - Corona                         Hexes                        1
   b - Ensorcelled Hibernation        Hexes/Ice                    2
   c - Confuse                        Hexes                        3
   d - Tukima's Dance                 Hexes                        3
   e - Dazzling Spray                 Conjuration/Hexes            3
Comestibles
 g - a meat ration
 h - 2 bread rations


   Skills:
 * Level 1.6 Fighting
 * Level 2.2 Short Blades
 + Level 2.8 Dodging
 - Level 4.8 Stealth
 * Level 2.5 Spellcasting
 * Level 3.8 Hexes


You had 6 spell levels left.
You knew the following spells:

 Your Spells              Type           Power        Failure   Level  Hunger
a - Corona                Hex            ##.....      6%          1    #......
b - Ensorcelled Hibernat  Hex/Ice        #.....       14%         2    ##.....


Dungeon Overview and Level Annotations

Branches:
Dungeon (4/15)
 Temple: D:4-7

Altars:
Ashenzari
Ru

Annotations:
D:1 1 exclusion
D:4 Pikel


Innate Abilities, Weirdness & Mutations

You cannot wear boots.
Your serpentine skin is tough (AC +1).
You have supernaturally acute eyesight.
Armour fits poorly on your strangely shaped body.
Your system is resistant to poisons.
You cover ground very slowly.
You have a slow metabolism.
You can spit poison.


Message History

Pikel says, "I knew I should've brought a map."
Pikel hits you with a whip of flaming.
* * * LOW HITPOINT WARNING * * *
You hit Pikel but do no damage.
Pikel is moderately wounded.
You hit Pikel.
Pikel is heavily wounded.
Pikel closely misses you.
You puncture Pikel!
Pikel is severely wounded.
Pikel hits you with a whip of flaming.
* * * LOW HITPOINT WARNING * * *
An orc wizard comes into view. It is wielding a dagger.
The orc wizard shouts!
You hit Pikel but do no damage.
Pikel is severely wounded.
Pikel hits you with a whip of flaming!
* * * LOW HITPOINT WARNING * * *
Pikel burns you.
You die...

# #.......# ...#.####o####.#
...#......o....# ###
...######o###### ...##
....... #p## #..# ....?..
#pp# #.# ....... ##p#
#.##......####K##### #...#
#...@....# ###.# #........#
#####.#######........#######
............#..............##
#######.....................#
####...................
####................#
#................#.
#.......<..........


You could see Pikel, 4 slaves and 2 orc wizards.

Vanquished Creatures
  A hound (D:4)
  Robin (D:2)
  4 adders
  4 worms
  2 giant geckos (D:3)
  An orc (D:3)
  5 giant cockroaches
  13 goblins
  11 hobgoblins
  11 kobolds
  A quokka (D:3)
  8 bats
  A giant gecko skeleton (D:4)
  7 giant newts
  11 jackals
  10 rats (D:2)
  5 plants (D:1)
96 creatures vanquished.

Notes
Turn   | Place    | Note
--------------------------------------------------------------
     0 | D:1      | Iffee the Naga Enchanter began the quest for the Orb.
     0 | D:1      | Reached XP level 1. HP: 15/15 MP: 3/3
   916 | D:1      | Reached XP level 2. HP: 22/22 MP: 5/5
  1737 | D:1      | Learned a level 2 spell: Ensorcelled Hibernation
  1855 | D:2      | Reached XP level 3. HP: 23/30 MP: 6/6
  2194 | D:2      | Reached skill level 1 in Fighting
  2227 | D:2      | Reached XP level 4. HP: 35/38 MP: 7/7
  2381 | D:2      | Noticed Robin
  2420 | D:2      | Killed Robin
  2820 | D:3      | Found a shattered altar of Ashenzari.
  2830 | D:3      | Reached XP level 5. HP: 2/44 MP: 8/8
  3501 | D:4      | Found a sacrificial altar of Ru.
  3511 | D:4      | Noticed a slave
  3523 | D:4      | Noticed a slave
  3527 | D:4      | Noticed Pikel
  3527 | D:4      | Noticed a slave
  3535 | D:4      | Noticed a slave
  3575 | D:4      | HP: 1/44 [Pikel/whip of flaming (7)]
  3575 | D:4      | Slain by Pikel

Action                   |  1- 3 |  4- 6 || total
-------------------------+-------+-------++-------
Melee: Dagger            |   657 |       ||   657
       Short sword       |    64 |   202 ||   266
       Hunting sling     |       |     1 ||     1
 Fire: Hunting sling     |       |     2 ||     2
 Cast: Corona            |       |     3 ||     3
 Abil: Spit Poison       |    12 |    12 ||    24
  Use: Scroll            |     7 |       ||     7
       Potion            |     3 |     7 ||    10
 Stab: Sleeping          |    12 |     3 ||    15
  Eat: Bread ration      |     1 |     1 ||     2
       Chunk             |     1 |       ||     1
       Meat ration       |     1 |       ||     1
